Map: [ESL] Alcyone

Players

LiquidClem (Clem) - Winner!

  • Race: Terran Terran
  • League: Grandmaster
  • Spawn Location: 1:00

SKillous

  • Race: Protoss Protoss
  • League: Grandmaster
  • Spawn Location: 7:00

Event: HomeStory Cup XXIV

VOD

Have the link to the VOD?

Description

Time

  • Played on: Dec. 3, 2023, 5:43 p.m.
  • Length: 20:19

All games in this series

Show
View Real Time Build Order
Export as new Build Order

LiquidClem Terran - Winner!

Build Orders: Reaper Expand 

Get SALT Encoding   

  12  0:00  SCV  
  13  0:12  SCV  
  14  0:18  Supply Depot  
  14  0:24  SCV  
  15  0:39  SCV  
  15  0:40  Barracks  
  16  0:44  Refinery  
  16  0:51  SCV  
  17  1:03  SCV  
  17  1:16  SCV  
  18  1:30  Orbital Command, Reaper  
  19  1:45  Command Center  
  19  1:53  Supply Depot  
  19  1:56  SCV  
  20  2:02  Marine  
  20  2:08  SCV  
  22  2:12  Factory  
  22  2:20  Bunker  
  22  2:22  Marine  
  23  2:25  SCV  
  23  2:29  Refinery  
  24  2:37  SCV  
  25  2:47  Barracks Reactor  
  25  2:49  SCV  
  26  2:56  Hellion  
  26  2:57  Starport  
  28  3:01  Orbital Command  
  28  3:05  SCV  
  29  3:17  SCV  
  30  3:20  Cyclone  
  30  3:24  Marine x2  
  30  3:26  SCV  
  35  3:29  SCV  
  35  3:34  Medivac, Supply Depot  
  38  3:38  SCV  
  39  3:42  Marine x2, SCV  
  42  3:50  SCV  
  42  3:54  Cyclone, SCV  
  46  3:58  Supply Depot  
  46  4:00  Marine  
  46  4:02  Marine, SCV  
  48  4:06  SCV  
  50  4:15  SCV  
  51  4:18  Barracks, SCV  
  51  4:22  Marine x2  
  54  4:26  Supply Depot  
  54  4:27  Factory Tech Lab, SCV  
  54  4:30  Barracks  
  56  4:31  SCV  
  56  4:35  Starport Tech Lab  
  56  4:39  SCV  
  56  4:40  Refinery  
  56  4:43  SCV  
  56  4:44  Marine x2  
  59  4:51  Engineering Bay, SCV  
  60  4:55  SCV, Supply Depot  
  61  5:00  Starport Tech Lab  
  61  5:02  Marine x2  
  61  5:03  SCV  
  61  5:06  Supply Depot  
  64  5:07  SCV  
  65  5:15  Stimpack, SCV  
  65  5:16  Marauder  
  65  5:20  Marine x2, Supply Depot  
  65  5:21  Terran Infantry Weapons Level 1, SCV  
  71  5:27  SCV  
  72  5:31  Starport Reactor, Refinery, Factory Reactor  
  72  5:34  Supply Depot  
  72  5:37  Marauder  
  72  5:39  Missile Turret  
  72  5:41  Missile Turret, Marine x2  
  76  5:44  SCV  
  76  5:45  Marauder  
  79  5:50  SCV  
  79  5:51  Supply Depot  
  80  5:59  Marauder, Marine x2  
  80  6:00  Missile Turret  
  82  6:04  Combat Shield  
  82  6:08  Medivac  
  82  6:10  Medivac  
  86  6:13  Widow Mine, Supply Depot  
  86  6:15  Widow Mine  
  90  6:19  Marauder  
  90  6:20  Marine x2  
  94  6:26  Marauder  
  96  6:33  Command Center  
  96  6:38  Supply Depot  
  96  6:39  Widow Mine  
  98  6:45  Marine x2  
  102  6:47  Marauder  
  102  6:51  Medivac x2  
  102  6:52  Widow Mine  
  108  6:54  Marauder  
  110  7:03  SCV  
  110  7:05  Barracks x2, SCV  
  112  7:10  Supply Depot  
  112  7:13  Marauder  
  118  7:15  Widow Mine x2  
  118  7:16  SCV  
  118  7:17  Concussive Shells  
  118  7:18  Marine  
  118  7:20  SCV  
  121  7:23  Terran Infantry Armor Level 1  
  121  7:27  Supply Depot  
  121  7:29  Viking  
  123  7:33  Viking  
  123  7:36  SCV  
  126  7:37  SCV  
  126  7:41  Marine x2  
  126  7:44  Marauder  
  129  7:46  Marauder  
  129  7:48  SCV  
  131  7:53  Widow Mine x2  
  131  7:55  Barracks Tech Lab x2  
  134  7:59  SCV, Supply Depot  
  134  8:05  Marauder  
  137  8:06  Viking  
  137  8:07  SCV  
  137  8:08  Marauder  
  137  8:11  SCV  
  143  8:16  Marauder  
  143  8:17  Supply Depot  
  143  8:18  Marauder  
  143  8:19  SCV  
  148  8:21  Viking  
  148  8:22  SCV  
  149  8:27  Supply Depot  
  149  8:28  SCV  
  149  8:31  Marauder, SCV  
  149  8:33  Marauder  
  155  8:37  Viking  
  155  8:41  Orbital Command  
  155  8:45  Marine x2  
  155  8:46  Marauder  
  155  8:47  SCV  
  154  8:50  SCV  
  154  8:52  Ghost Academy  
  154  8:55  Marauder x2  
  153  8:56  Widow Mine  
  153  8:58  Widow Mine  
  153  8:59  SCV  
  154  9:04  Marine x2, Supply Depot  
  154  9:05  Refinery  
  154  9:09  Viking x2  
  160  9:19  Marine  
  160  9:23  Widow Mine x2  
  157  9:24  Ghost  
  157  9:27  Ghost x2  
  157  9:29  Marine x2  
  157  9:30  Supply Depot  
  147  9:35  Refinery  
  147  9:36  Ghost  
  147  9:38  Command Center  
  148  9:45  Armory  
  148  9:47  Viking  
  148  9:48  Viking  
  152  9:55  Widow Mine x2, Marine  
  152  9:57  Marine  
  152  9:58  Missile Turret, Ghost  
  160  10:04  Supply Depot  
  158  10:07  Ghost  
  158  10:08  Ghost  
  158  10:09  Engineering Bay  
  162  10:17  Viking  
  162  10:20  Barracks x2  
  164  10:21  Barracks  
  164  10:24  Sensor Tower  
  164  10:27  Medivac  
  166  10:32  Starport  
  166  10:37  Marauder x2, SCV x2  
  166  10:38  SCV  
  166  10:41  Marauder  
  175  10:47  Viking  
  175  10:49  SCV x2  
  179  10:50  SCV  
  180  10:59  Viking, Ghost x2  
  180  11:01  SCV  
  180  11:02  SCV x2  
  189  11:06  Refinery, Terran Infantry Weapons Level 2  
  189  11:07  Refinery  
  189  11:11  Marauder  
  191  11:14  SCV x3  
  191  11:15  Bunker  
  194  11:19  Terran Infantry Armor Level 2  
  194  11:23  Missile Turret, SCV  
  195  11:26  Medivac, SCV x2  
  199  11:35  Marine  
  200  11:51  Planetary Fortress  
  200  11:53  Command Center  
  200  11:54  Missile Turret  
  200  11:55  Terran Ship Weapons Level 1, Sensor Tower  
  200  12:00  Fusion Core  
  200  12:02  Missile Turret  
  200  12:03  Command Center  
  200  12:06  Command Center  
  200  12:10  Barracks Tech Lab x2  
  200  12:13  Command Center  
  200  12:14  Personal Cloaking  
  200  12:23  Missile Turret  
  200  12:28  Starport  
  200  12:55  Command Center  
  200  12:58  Command Center, Advanced Ballistics  
  200  13:07  Orbital Command  
  200  13:20  Orbital Command  
  200  13:25  Refinery  
  198  13:27  Missile Turret  
  198  13:30  Refinery, Sensor Tower  
  194  13:34  Liberator  
  194  13:35  Liberator  
  199  13:56  Starport Reactor  
  199  13:59  Terran Infantry Armor Level 3, Terran Infantry Weapons Level 3  
  199  14:05  Liberator  
  199  14:08  Planetary Fortress  
  199  14:09  Orbital Command, Liberator  
  195  14:10  Caduceus Reactor, Marine, Marauder  
  195  14:11  Marauder  
  195  14:13  Marauder  
  195  14:14  Marauder  
  190  14:17  Liberator x2  
  190  14:18  Marauder x2, Marine x2  
  182  14:27  Terran Ship Weapons Level 2  
  182  14:28  Marine  
  178  14:32  Marauder  
  178  14:33  Marauder  
  178  14:34  Marine  
  178  14:35  Medivac  
  178  14:36  Command Center, Marauder  
  178  14:37  Sensor Tower  
  187  14:42  Marauder  
  187  14:47  Refinery  
  187  14:48  Liberator, Ghost  
  187  14:49  Missile Turret  
  187  14:51  Ghost  
  187  14:52  Viking, Ghost  
  198  14:56  SCV  
  193  15:00  Liberator x2, Missile Turret  
  193  15:05  Liberator  
  193  15:06  Orbital Command  
  193  15:07  Marine, Marauder  
  189  15:08  Liberator, Marine x2  
  189  15:09  Marine, Marauder  
  188  15:17  Marauder  
  188  15:20  Marine x2  
  166  15:22  Liberator  
  166  15:24  Marine  
  166  15:26  Marine x2, Ghost  
  151  15:28  Marauder  
  151  15:31  Viking, Marauder  
  149  15:38  Marine x2, Marauder  
  149  15:41  Orbital Command  
  149  15:42  Marine  
  153  15:43  Liberator, Viking  
  153  15:45  Marauder  
  153  15:48  Liberator  
  153  15:49  Marine, Marauder  
  167  15:51  Ghost  
  167  15:55  Marauder  
  167  15:56  Marauder  
  175  15:57  Marauder  
  175  15:58  Liberator  
  175  15:59  Marine  
  175  16:00  Marine  
  180  16:04  Viking  
  180  16:05  Orbital Command  
  180  16:06  Viking  
  180  16:09  Marauder  
  183  16:13  Marine  
  183  16:16  Viking  
  183  16:17  Marine  
  184  16:21  Ghost  
  184  16:22  Marine  
  187  16:26  Viking, Ghost  
  187  16:31  Liberator, Marauder  
  192  16:32  Command Center  
  192  16:39  Liberator x2  
  198  16:41  Neosteel Armor  
  198  16:42  Hi-Sec Auto Tracking  
  198  16:50  Marauder  
  200  17:04  Planetary Fortress  
  198  17:17  Ghost  
  198  17:18  Refinery  
  198  17:19  Missile Turret, Ghost  
  198  17:20  Marine x2  
  198  17:21  Liberator  
  198  17:22  Sensor Tower, Marine x2  
  180  17:23  Marauder x2, Marine  
  180  17:24  Liberator  
  172  17:30  Liberator  
  170  17:38  Marine x2  
  170  17:40  Marauder  
  170  17:41  Marine, Marauder  
  170  17:44  Marine x2  
  172  17:46  Marine  
  172  17:49  Marauder  
  172  17:50  Orbital Command  
  176  17:55  Marine  
  176  17:56  Marine  
  176  17:58  Ghost  
  178  18:01  Marine  
  178  18:02  Marauder x2, Ghost  
  178  18:04  Marine  
  176  18:13  Marine, Ghost  
  176  18:14  Liberator  
  176  18:15  Marine  
  176  18:17  Liberator x2  
  176  18:19  Marine  
  171  18:22  Marauder  
  171  18:23  Marine, Marauder  
  176  18:27  Marauder  
  176  18:31  Marine x2  
  176  18:33  Marine  
  181  18:36  Command Center  
  181  18:37  Marauder  
  181  18:39  Liberator  
  186  18:41  Marauder  
  186  18:42  Marauder  
  186  18:46  Liberator  
  186  18:47  Marauder  
  195  18:53  Ghost x2  
  199  19:06  Marine  
  200  19:33  Marine, Marauder  
  196  19:41  Ghost  
  189  19:46  Medivac x2  
  189  19:47  Marine, Marauder x2  
  189  19:48  Medivac, Marine  
  189  19:55  Marine  
  189  19:56  Marauder  
  189  19:57  Marauder x2  
Show
View Real Time Build Order
Export as new Build Order

SKillous Protoss 

Build Orders: 1 Gate Expand, Phoenix Opening, Colossus Rush 

Get SALT Encoding   

  12  0:00  Probe  
  13  0:12  Probe  
  14  0:18  Pylon  
  14  0:24  Probe (Chrono Boost)  
  15  0:36  Probe (Chrono Boost)  
  15  0:38  Gateway  
  16  0:45  Probe (Chrono Boost)  
  17  0:50  Assimilator  
  17  0:51  Probe  
  18  1:03  Probe  
  19  1:15  Probe  
  20  1:27  Cybernetics Core  
  21  1:36  Nexus  
  20  1:42  Pylon  
  20  1:44  Probe  
  21  1:50  Assimilator  
  21  1:56  Probe  
  21  2:00  Adept (Chrono Boost)  
  24  2:09  Probe (Chrono Boost)  
  25  2:18  Pylon, Probe (Chrono Boost)  
  26  2:23  Adept, Probe (Chrono Boost)  
  29  2:33  Stargate  
  29  2:36  Warp Gate  
  29  2:40  Probe (Chrono Boost)  
  30  2:49  Probe (Chrono Boost)  
  31  2:56  Stalker  
  31  2:57  Probe (Chrono Boost)  
  31  2:58  Probe (Chrono Boost)  
  35  3:03  Probe x2 (Chrono Boost)  
  37  3:15  Probe x2  
  39  3:25  Assimilator  
  39  3:26  Assimilator  
  39  3:27  Probe x2  
  39  3:28  Pylon  
  39  3:30  Phoenix (Chrono Boost)  
  43  3:39  Probe  
  43  3:40  Robotics Facility, Probe  
  43  3:51  Probe  
  43  3:52  Probe  
  43  3:53  Phoenix (Chrono Boost)  
  47  3:59  Shield Battery  
  47  4:00  Gateway  
  47  4:04  Probe  
  47  4:05  Probe  
  49  4:14  Phoenix (Chrono Boost)  
  49  4:16  Probe  
  52  4:17  Probe  
  52  4:23  Pylon  
  53  4:28  Observer (Chrono Boost), Probe  
  53  4:29  Probe  
  56  4:33  Robotics Bay  
  56  4:39  Phoenix  
  56  4:44  Immortal (Chrono Boost)  
  62  4:56  Nexus  
  62  5:00  Pylon, Probe  
  62  5:05  Sentry  
  65  5:07  Phoenix  
  65  5:08  Probe  
  65  5:12  Probe  
  69  5:18  Pylon  
  69  5:20  Probe  
  70  5:21  Colossus (Chrono Boost)  
  70  5:28  Probe  
  76  5:32  Probe  
  76  5:40  Probe  
  76  5:41  Extended Thermal Lance  
  76  5:42  Phoenix  
  79  5:44  Probe  
  79  5:49  Forge  
  80  5:51  Pylon  
  80  5:52  Probe  
  80  5:56  Probe  
  82  6:04  Probe  
  82  6:07  Phoenix  
  82  6:09  Probe  
  82  6:10  Colossus (Chrono Boost)  
  86  6:13  Probe  
  86  6:16  Probe  
  94  6:20  Twilight Council  
  94  6:21  Protoss Ground Weapons Level 1 (Chrono Boost), Probe  
  94  6:25  Probe  
  96  6:29  Probe  
  96  6:30  Shield Battery  
  97  6:33  Probe  
  97  6:35  Pylon  
  97  6:37  Probe  
  99  6:42  Gateway  
  99  6:44  Gateway  
  99  6:49  Pylon  
  99  6:50  Shield Battery, Photon Cannon  
  99  6:55  Pylon, Colossus  
  99  7:00  Phoenix  
  107  7:02  Charge  
  107  7:04  Zealot  
  109  7:10  Zealot  
  109  7:13  Pylon  
  111  7:18  Gateway x2  
  111  7:22  Photon Cannon  
  111  7:26  Zealot  
  111  7:28  Pylon, Phoenix  
  115  7:35  Zealot  
  115  7:39  Pylon  
  115  7:41  Forge  
  113  7:46  Zealot x3  
  119  7:52  Observer (Chrono Boost)  
  119  7:53  Probe  
  120  8:05  Zealot  
  120  8:07  Zealot x3  
  120  8:09  Protoss Ground Armor Level 1 (Chrono Boost), Probe  
  129  8:13  Pylon, Probe  
  129  8:14  Pylon  
  129  8:15  Protoss Ground Weapons Level 2 (Chrono Boost)  
  129  8:17  Pylon  
  129  8:19  Pylon x2  
  130  8:20  Pylon  
  130  8:31  Immortal  
  130  8:32  Zealot x2  
  138  8:38  Nexus  
  138  8:39  Pylon  
  138  8:47  Pylon  
  138  8:54  Blink  
  138  8:57  Probe  
  139  9:05  Zealot x6  
  139  9:08  Gateway  
  139  9:09  Gateway  
  151  9:12  Shield Battery  
  150  9:19  Warp Prism (Chrono Boost)  
  148  9:32  Gateway  
  148  9:34  Gateway  
  148  9:35  Pylon, Gateway, Zealot x3  
  154  9:38  Gateway  
  154  9:39  Gateway, Probe x2  
  154  9:44  Protoss Ground Armor Level 2 (Chrono Boost)  
  156  9:47  Stalker x3  
  160  10:04  Disruptor  
  164  10:07  Robotics Facility  
  164  10:08  Probe  
  164  10:10  Shield Battery  
  164  10:11  Stalker x3  
  170  10:21  Nexus  
  170  10:22  Protoss Ground Weapons Level 3 (Chrono Boost)  
  170  10:26  Pylon  
  170  10:28  Photon Cannon  
  170  10:32  Gravitic Drive  
  170  10:35  Dark Shrine  
  170  10:41  Stalker x4  
  178  10:43  Probe x2  
  178  10:49  Photon Cannon  
  179  10:52  Observer (Chrono Boost)  
  179  10:53  Shield Battery  
  179  10:54  Robotics Facility  
  184  11:06  Stalker x3  
  190  11:12  Disruptor (Chrono Boost)  
  190  11:19  Zealot x5  
  190  11:25  Assimilator  
  188  11:29  Disruptor (Chrono Boost), Gravitic Boosters  
  179  11:42  Pylon  
  179  11:44  Disruptor (Chrono Boost)  
  179  11:45  Robotics Facility  
  179  11:46  Assimilator  
  179  11:49  Shadow Stride (Chrono Boost)  
  179  11:50  Assimilator  
  171  12:05  Immortal (Chrono Boost)  
  171  12:06  Nexus  
  179  12:15  Immortal (Chrono Boost)  
  181  12:16  Warp Prism (Chrono Boost)  
  181  12:17  Photon Cannon  
  181  12:19  Pylon  
  173  12:30  Protoss Ground Armor Level 3 (Chrono Boost)  
  171  12:53  Zealot x10  
  171  12:54  Zealot  
  171  12:56  Protoss Shields Level 1 (Chrono Boost)  
  197  13:01  Pylon  
  197  13:04  Immortal (Chrono Boost)  
  197  13:09  Observer (Chrono Boost)  
  200  13:17  Observer x2 (Chrono Boost)  
  198  13:33  Colossus x2 (Chrono Boost)  
  196  13:43  Colossus (Chrono Boost)  
  196  13:47  Stalker x2  
  183  14:19  Zealot x9  
  183  14:20  Zealot x2  
  181  14:25  Immortal x3 (Chrono Boost)  
  183  14:39  Sentry  
  183  14:40  Stalker x2  
  183  14:41  Zealot x5  
  183  14:44  Colossus (Chrono Boost)  
  199  14:57  Nexus  
  199  14:59  Pylon  
  167  15:14  Observer  
  167  15:15  Stalker x12  
  167  15:18  Colossus  
  167  15:20  Observer  
  151  15:43  Stalker x6, Zealot x4  
  151  15:44  Sentry  
  173  15:54  Zealot  
  165  16:12  Zealot x6  
  165  16:13  Zealot x5  
  182  16:31  Observer  
  182  16:33  Dark Templar x7  
  182  16:38  Dark Templar x2  
  196  16:46  Warp Prism (Chrono Boost)  
  198  16:52  Warp Prism (Chrono Boost)  
  200  17:13  Nexus  
  200  17:16  Unknown  
  200  17:21  Zealot  
  200  17:22  Zealot x11  
  137  17:35  Protoss Shields Level 2  
  129  17:38  Pylon  
  123  17:47  Stalker x6  
  123  17:48  Sentry, Stalker x2  
  123  17:49  Zealot  
  139  17:54  Stalker x2  
  138  18:26  Stalker x5, Zealot x5  
  138  18:27  Zealot x2  
  144  18:34  Colossus x2 (Chrono Boost)  
  153  18:48  Stalker x4  
  157  19:05  Zealot x6  
  166  19:21  Disruptor x2 (Chrono Boost)  
  174  19:25  Disruptor  
  174  19:27  Nexus  
  174  19:29  Disruptor  
  157  19:50  Stalker x4  
  140  19:57  Stalker, Zealot x3  
  112  20:07  Stalker x2  
  112  20:08  Zealot  
Tags
 
Add a new tag
Caveats
  • Supply blocks, unpowered buildings, or Contaminate may cause inaccurate times.
  • Supply counts are checked every 10 seconds.